 Dungeon Crawl Stone Soup version 0.27.1-1-g398f81649c (webtiles) character file.

Game seed: 2319276550349567549

288 alphawulf the Covered (level 6, -4/53 HPs)
             Began as a Minotaur Fighter on Aug 20, 2021.
             Succumbed to an orc wizard's poison
             ... on level 3 of the Dungeon on Sept 13, 2021.
             The game lasted 00:15:30 (2591 turns).

alphawulf the Covered (Minotaur Fighter)            Turns: 2591, Time: 00:15:31

Health: -4/53      AC:  8    Str: 21    XL:     6   Next: 9%
Magic:  5/5        EV:  7    Int:  6    God:
Gold:   79         SH:  9    Dex: 10    Spells: 5/5 levels left

rFire    . . .     SeeInvis .   a - +1 spear (venom)
rCold    . . .     Faith    .   c - +0 kite shield
rNeg     . . .     Spirit   .   o - +0 scale mail
rPois    .         Reflect  .   (helmet restricted)
rElec    .         Harm     .   (no cloak)
rCorr    .         Rampage  .   (no gloves)
Will     .....                  h - +0 pair of boots
Stlth    ..........             (no amulet)
HPRegen  0.17/turn              (no ring)
MPRegen  0.09/turn              (no ring)

@: lethally poisoned (-4 -> -62)
A: horns 2, retaliatory headbutt
a: no special abilities


You were on level 3 of the Dungeon.
You visited 1 branch of the dungeon, and saw 4 of its levels.

You collected 79 gold pieces.

Inventory:

Hand Weapons
 a - a +1 spear of venom (weapon)
 b - a +0 hunting sling
Missiles
 e - 2 throwing nets (quivered)
 l - 17 sling bullets
 n - 60 bolts
Armour
 c - a +0 kite shield (worn)
 h - a +0 pair of boots (worn)
 o - a +0 scale mail (worn)
Potions
 f - a potion of invisibility {unknown}
 j - a potion of flight
 k - a potion of curing {unknown}


   Skills:
 * Level 4.7 Fighting
 - Level 1.1(2.0) Short Blades
 - Level 3.0(3.1) Long Blades
 * Level 1.3 Polearms
 + Level 3.0 Slings
 * Level 5.3 Armour
 + Level 0.1 Dodging
 * Level 4.6 Shields


You had 5 spell levels left.
You didn't know any spells.
Your spell library contained the following spells:

 Spells                   Type           Power      Damage    Failure   Level
 Slow                     Hex            0%         N/A       100%        2
 Confusing Touch          Hex            0%         N/A       100%        3
 Vampiric Draining        Necr           0%         2d6       100%        3


Dungeon Overview and Level Annotations

Branches:
Dungeon (4/15)
 Temple: D:4-7

Altars:
Makhleb


Innate Abilities, Weirdness & Mutations

You have a pair of horns on your head.
You reflexively headbutt those who attack you in melee.


Message History

You block the orc wizard's attack.
You closely miss the orc wizard.
You feel very sick. The orc barely misses you.
The orc wizard hits you but does no damage.
The orc hits you with a +0 whip of venom.
You are more poisoned.
You closely miss the orc wizard.
You feel very sick. The orc wizard casts a spell at you.
The puff of flame misses you. The orc hits you but does no damage.
You are more poisoned.
It was a potion of heal wounds.
You feel much better.
You feel very sick.
The orc wizard hits you with a +2 dagger of venom.
You are more poisoned.
The orc hits you with a +0 whip of venom.
You are more poisoned.
You hit the orc wizard but do no damage.
The orc wizard is poisoned.
You feel extremely sick.
The orc wizard hits you with a +2 dagger of venom.
You are lethally poisoned!
You block the orc's attack.
The orc wizard hits you with a +2 dagger of venom.
You are more poisoned.
You hit the orc wizard.
The orc wizard is heavily wounded.
* * * LOW HITPOINT WARNING * * *
You feel extremely sick. The orc hits you but does no damage.
You are more poisoned.
The orc wizard hits you with a +2 dagger of venom.
* * * LOW HITPOINT WARNING * * *
You are more poisoned.
The orc completely misses you. You furiously retaliate!
You headbutt the orc.
You hit the orc wizard but do no damage.
The orc wizard looks as sick as possible!
The orc wizard is severely wounded.
You die...

..#.....)...# #.#.#....# .#
....#.......###......... #####.
........................ .....
..............###....... ....#
.............#...........
....###.............[######......
.....................## .....##
........>.............# #.###>..
..<.# ......)@####.# #. ####
....# .......oo.....# #..
#....... ..#...........## .. #.#
#......... #.............##. #.#
.......... #.......#.#....#. #.#
.......... #.......#.##.#...###.#
.......... ######... ........##.#
.......... ............##.#
........##.#


You could see an orc wizard (extremely poisoned) and an orc.

Vanquished Creatures
  Sigmund (D:3)
  Terence (D:2)
  2 adders (D:3)
  4 gnolls (D:2)
  A dart slug (D:2)
  2 orcs (D:3)
  6 endoplasms
  2 giant cockroaches
  4 goblins
  7 hobgoblins
  6 jackals
  5 kobolds
  A quokka (D:3)
  3 ball pythons
  3 bats
  3 frilled lizards
  5 rats
56 creatures vanquished.

Notes
Turn   | Place    | Note
-------+----------+-------------------------------------------
     0 | D:1      | alphawulf the Minotaur Fighter began the quest for the Orb.
     0 | D:1      | Reached XP level 1. HP: 19/19 MP: 0/0
   401 | D:1      | You fall into a shaft and drop 1 floor!
   563 | D:1      | Reached XP level 2. HP: 27/27 MP: 1/1
   873 | D:2      | Reached skill level 4 in Armour
   931 | D:2      | Found a burning altar of Makhleb.
   964 | D:2      | Noticed Terence
   978 | D:2      | Killed Terence
   979 | D:2      | Reached skill level 1 in Short Blades
   979 | D:2      | Reached XP level 3. HP: 16/33 MP: 2/2
  1147 | D:2      | You fall into a shaft and drop 1 floor!
  1283 | D:2      | Found a faded altar of an unknown god.
  1309 | D:2      | Reached skill level 1 in Slings
  1343 | D:2      | Reached XP level 4. HP: 35/40 MP: 3/3
  1567 | D:2      | Upgraded the game from 0.27.0-66-gdc8fb28755 to
                  | 0.27.1-1-g398f81649c
  2370 | D:3      | Noticed Sigmund
  2385 | D:3      | Killed Sigmund
  2386 | D:3      | Reached skill level 1 in Polearms
  2386 | D:3      | Reached skill level 5 in Armour
  2386 | D:3      | Reached XP level 5. HP: 34/47 MP: 4/4
  2386 | D:3      | Reached XP level 6. HP: 38/53 MP: 5/5
  2531 | D:3      | You fall into a shaft and drop 1 floor!
  2591 | D:3      | Succumbed to an orc wizard's poison

Illustrated notes

Levels and vault maps discovered:
D:1:      minmay_arrival_jagged, layout_loops_ring
D:2:      layout_loops_ring, hellmonk_ecumenical_altar_zigzags, basic_altar,
          chequers_serial_rivers_micro_a, uniq_terence
D:3:      layout_rooms, uniq_sigmund
D:4:      layout_rooms, lemuel_round_altar,
          minmay_temple_entry_drinking_statues, uniq_grinder, uniq_edmund,
          uniq_ijyb

Skill      XL: |  1  2  3  4  5  6 |
---------------+-------------------+-----
Shields        | 4 |  4.6
Armour         | 4 5 |  5.3
Fighting       | 4 |  4.7
Short Blades   | 1 |  1.1
Slings         | 1 2 3 |  3.0
Long Blades    | 3 |  3.0
Polearms       | 1 |  1.3
Dodging        | |  0.1

Action                   |  1- 3 |  4- 6 || total
-------------------------+-------+-------++-------
Melee: Long sword        |    37 |    10 ||    47
       Headbutt          |     7 |     4 ||    11
       Spear             |       |    31 ||    31
       Short sword       |       |     4 ||     4
 Fire: Hunting sling     |    26 |    43 ||    69
  Use: Scroll            |     7 |       ||     7
       Potion            |       |     2 ||     2
Armor: Scale mail        |    14 |    18 ||    32
Dodge: Dodged            |    19 |    13 ||    32
Block: Kite shield       |    14 |    19 ||    33
       Rpst.: Long sword |     6 |     1 ||     7
